 Dungeon Crawl Stone Soup version 0.30-a0-972-gf3ab3527aa (webtiles) character file.

Game seed: 14590880236900979200

431 NinjaNoafa the Magician (level 6, -12/45 HPs)
             Began as a Draconian Conjurer on Mar 31, 2023.
             Killed from afar by a gnoll sergeant (21 damage)
             ... with a bolt of dispelling energy
             ... on level 3 of the Dungeon.
             The game lasted 00:04:07 (2179 turns).

NinjaNoafa the Magician (Draconian Conjurer)        Turns: 2179, Time: 00:04:08

Health: -12/45     AC:  6    Str:  9    XL:     6   Next: 67%
Magic:  18/24      EV: 11    Int: 21    God:
Gold:   120        SH:  2    Dex:  9    Spells: 14/17 levels left

rFire   . . .      SeeInvis .    k - +0 short sword
rCold   . . .      Faith    .    n - +0 buckler
rNeg    . . .      Spirit   .    (body armour unavailable)
rPois   .          Reflect  .    (helmet restricted)
rElec   .          Rampage  .    (no cloak)
rCorr   .                        (no gloves)
Will    .....                    (no boots)
Stlth   ++                       (no amulet)
HPRegen 0.27/turn                f - ring of magical power
MPRegen 0.19/turn                (no ring)

@: no status effects
A: AC +6, unfitting armour, cold-blooded
a: no special abilities


You were on level 3 of the Dungeon.
You visited 1 branch of the dungeon, and saw 3 of its levels.

You collected 120 gold pieces.

Inventory:

Hand Weapons
 k - a +0 short sword (weapon)
Missiles
 j - 5 datura-tipped darts
Armour
 n - a +0 buckler (worn)
Jewellery
 f - a ring of magical power (left hand)
Scrolls
 d - a scroll of amnesia {unknown}
 h - 2 scrolls of identify {unknown}
 i - a scroll of enchant weapon {unknown}
 l - a scroll of noise {unknown}
 o - a scroll of teleportation {unknown}
 p - a scroll of fog {unknown}
Potions
 a - a potion of magic
 b - a potion of mutation {unknown}
 c - 2 potions of haste {unknown}
 e - a potion of degeneration {unknown}
 g - 2 potions of heal wounds {unknown}
 m - 5 potions of curing {unknown}


   Skills:
 - Level 1.7 Dodging
 - Level 1.7 Stealth
 + Level 6.1 Spellcasting
 - Level 5.0 Conjurations


You had 14 spell levels left.
You knew the following spells:

 Your Spells              Type           Power      Damage    Failure   Level
a - Magic Dart            Conj           100%       1d8       1%          1
b - Searing Ray           Conj           54%        2d6       2%          2

Your spell library contained the following spells:

 Spells                   Type           Power      Damage    Failure   Level
 Dazzling Flash           Conj/Hex       32%        N/A       14%         3
 Fulminant Prism          Conj/Hex       8%         3d7       43%         4
 Iskenderun's Mystic Bla  Conj/Tloc      16%        2d5       43%         4


Dungeon Overview and Level Annotations

Branches:
Dungeon (3/15)

Altars:


Innate Abilities, Weirdness & Mutations

Your plain brown scales are hard. (AC +6)
You cannot fit into any form of body armour.
You are cold-blooded and may be slowed by cold attacks.


Message History

The searing ray hits the gnoll!
You kill the gnoll! (Press . to maintain the ray.)
You see here a +0 flail.
A gnoll sergeant comes into view.
It is wielding a +0 spear and carrying a wand of quicksilver (7).
Casting: Searing Ray (safe; 2% risk of failure)
Confirm with . or Enter, or press ? or * to list all spells.
Aiming: Searing Ray (safe; 2% risk of failure)
Press: ? - help, Shift-Dir - straight line, f - gnoll sergeant
Aim: a gnoll sergeant, wielding a +0 spear, wearing a +0 ring mail and carrying a wand of quicksilver (7) (wandering, hasn't noticed you, 85% to hit)
The searing ray hits the gnoll sergeant but does no damage.
The gnoll sergeant shouts! (Press . to maintain the ray.)
The gnoll sergeant zaps a wand.
The bolt of dispelling energy hits you!
The searing ray hits the gnoll sergeant.
The gnoll sergeant is lightly wounded.
The searing ray hits the gnoll sergeant but does no damage.
The gnoll sergeant is lightly wounded.
The gnoll sergeant hits you from afar with a +0 spear.
The searing ray hits the gnoll sergeant.
The gnoll sergeant is moderately wounded.
You finish channelling your searing ray.
The gnoll sergeant zaps a wand.
The bolt of dispelling energy hits you.
Casting: Searing Ray (safe; 2% risk of failure)
Confirm with . or Enter, or press ? or * to list all spells.
Aiming: Searing Ray (safe; 2% risk of failure)
Press: ? - help, Shift-Dir - straight line, f/p - gnoll sergeant
Aim: a gnoll sergeant, wielding a +0 spear, wearing a +0 ring mail and carrying a wand of quicksilver (5) (moderately wounded, 85% to hit)
The searing ray hits the gnoll sergeant but does no damage.
The gnoll sergeant is moderately wounded. (Press . to maintain the ray.)
The gnoll sergeant zaps a wand.
The bolt of dispelling energy hits you!
* * * LOW HITPOINT WARNING * * *
The searing ray hits the gnoll sergeant.
The gnoll sergeant is moderately wounded.
The gnoll sergeant hits you from afar with a +0 spear!
* * * LOW HITPOINT WARNING * * *
The gnoll sergeant zaps a wand.
The bolt of dispelling energy hits you!!
You die...

#.#.#.### #.#.#.#
#.#...# #...#.#
#.##### #####.# #.##
#...#.# # #..##
#.#.#.#
####...#########.#.#.#
'..............#.#.#.#
.###...#########.#...#
..##.....# #@#####
...#####.# #.#...#
.♣.......# #.#.#.#
...####..# #g#g# #
..## #..# #.#.#
.######.[# #...#
###......# #####
.##.###.## .##.# #.#


You could see a gnoll sergeant.

Vanquished Creatures
  Sigmund (D:3)
  A water moccasin (D:3)
  An orc priest (D:3)
  2 adders (D:3)
  4 gnolls (D:3)
  An adder zombie (D:2)
  An adder skeleton (D:2)
  A worm (D:3)
  A dart slug (D:1)
  4 orcs (D:3)
  4 bats
  A bat skeleton (D:2)
  6 endoplasms
  2 giant cockroaches
  A goblin (D:3)
  6 hobgoblins
  8 jackals
  3 kobolds
  A quokka (D:2)
  2 ball pythons (D:3)
  5 frilled lizards
  8 rats
64 creatures vanquished.

Vanquished Creatures (others)
  2 plants (D:2)
2 creatures vanquished.

Grand Total: 66 creatures vanquished

Notes
Turn   | Place    | Note
-------+----------+-------------------------------------------
     0 | D:1      | NinjaNoafa the Draconian Conjurer began the quest for the
                  | Orb.
     0 | D:1      | Reached XP level 1. HP: 14/14 MP: 3/3
   257 | D:1      | Reached XP level 2. HP: 20/20 MP: 0/5
   262 | D:1      | Learned a level 2 spell: Searing Ray
   977 | D:2      | Reached XP level 3. HP: 26/26 MP: 2/7
  1343 | D:2      | Reached skill level 3 in Spellcasting
  1485 | D:3      | Reached XP level 4. HP: 33/33 MP: 8/8
  1503 | D:3      | Reached skill level 5 in Conjurations
  1814 | D:3      | Noticed a water moccasin
  1822 | D:3      | Killed a water moccasin
  1823 | D:3      | Reached skill level 4 in Spellcasting
  1823 | D:3      | Reached XP level 5. HP: 20/38 MP: 9/12
  1829 | D:3      | Reached skill level 5 in Spellcasting
  1975 | D:3      | Noticed Sigmund
  1988 | D:3      | Killed Sigmund
  1989 | D:3      | Reached skill level 6 in Spellcasting
  1989 | D:3      | Reached XP level 6. HP: 21/45 MP: 8/15
  2179 | D:3      | Killed from afar by a gnoll sergeant

Illustrated notes

Levels and vault maps discovered:
D:1:      minmay_arrival_four_circles, layout_loops_ring, minmay_parallelograms
D:2:      layout_rooms, serial_undead, serial_undead_e, serial_undead_e,
          serial_undead_c, serial_undead_e, serial_bayou_pond_e
D:3:      layout_loops_corners, nicolae_kite_square_tiling_tiny,
          roderic_serpentine_path, grunt_ministairs_9,
          kennysheep_generic_room_3, uniq_sigmund, uniq_crazy_yiuf_cottage

Skill      XL: |  1  2  3  4  5 |
---------------+----------------+-----
Spellcasting   | 3 4 6 |  6.1
Conjurations   | 5 |  5.0
Dodging        | |  1.7
Stealth        | |  1.7

Action                     |  1- 3 |  4- 6 || total
---------------------------+-------+-------++-------
  Melee: Unarmed           |    21 |       ||    21
         Tailslap          |     4 |       ||     4
         Punch             |     1 |       ||     1
         Short sword       |     3 |       ||     3
   Cast: Magic Dart        |    41 |     8 ||    49
         Searing Ray       |    22 |    15 ||    37
 Armour: Skin              |    32 |     4 ||    36
  Dodge: Dodged            |    79 |     4 ||    83
  Block: Buckler           |     1 |       ||     1

Table legend: (Time is in decaauts)
 A = Elapsed time spent in this place.
 B = Non-inter-level travel time spent in this place.
 C = Inter-level travel time spent in this place.
 D = Time resting spent in this place.
 E = Time spent auto-exploring this place.
 F = Levels seen in this place.
 G = Mean time per level.
                   A        B        C        D        E       F      G
               +--------+--------+--------+--------+--------+-----+--------+
         Total |   2183 |   1943 |    240 |     84 |   1314 |   3 |  727.7 |
       Dungeon |   2183 |   1943 |    240 |     84 |   1314 |   3 |  727.7 |
               +--------+--------+--------+--------+--------+-----+--------+

Top non-repeatable levels by time:
     D:1: 973 daAuts
     D:3: 755 daAuts
     D:2: 454 daAuts
